AoeStats
← NPG | FishCL

Arabia

503241031Analyzed
4v4 RM · 1mo ago on Aug 30, 2026· 9m 54s· 8 players
Game mode
Random Map
Map size
Large (8 player)
Population
200
Speed
Normal
Resources
Standard
Victory
Conquest
Starting age
Dark Age
Ending age
Imperial Age
RankedLock teamsTeams togetherTeam positionsShared explorationLock speedFull tech treeHidden civsTurbo modeCheats
Victory
Defeat
🇮🇹 Burgundians · Italy
1761
+9
🇮🇹 Muisca · Italy
1674
+12
🇨🇭 Bohemians · Switzerland
1666
+12
1616
+15
🇨🇱 Cumans · Chile
1646
-14
🇹🇷 Ethiopians · Türkiye
1582
-12
🇨🇳 Shu · China
1576
-11
🇩🇪 Italians · Germany
1551
-10
ValerioN__
NPG | FishCL
6:44 Loom
8:54 Feudal Age
10:01 Double-Bit Axe
Kempinho
Bz_青红
GdR_Nataniele05
5:35 Loom
8:31 Feudal Age
Pipistola
8:37 Loom
10:42 Feudal Age
MLT | El Campeador di Melito
6:57 Loom
9:11 Feudal Age
10:00 Double-Bit Axe
9:57 Horse Collar
Nheltarion
4:06 Double-Bit Axe
8:54 Feudal Age
9:36 Horse Collar
10:37 Bow Saw
Connection lost

Rejoining the realm…

Still unreachable

The connection could not be restored.

Session expired

The server has moved on; the page needs a fresh start.